 Dungeon Crawl Stone Soup version 0.20-a0-1025-g4706f7e (webtiles) character file.

98 dvd the Chiller (level 4, -2/30 HPs)
             Began as a Demonspawn Ice Elementalist on Apr 19, 2017.
             Slain by a quokka (5 damage)
             ... on level 2 of the Dungeon.
             The game lasted 00:06:13 (2068 turns).

dvd the Chiller (Demonspawn Ice Elementalist)       Turns: 2068, Time: 00:06:14

Health: -2/30      AC:  3    Str:  9    XL:     4   Next: 43%
Magic:  1/8        EV: 12    Int: 16    God:
Gold:   149        SH:  0    Dex: 14    Spells: 3/9 levels left

rFire    . . .     SeeInvis .   k - +0 spear
rCold    . . .     Gourm    .   (no shield)
rNeg     . . .     Faith    .   a - +1 robe
rPois    .         Spirit   .   (no helmet)
rElec    .         Reflect  .   (no cloak)
rCorr    .         Harm     .   (no gloves)
MR       .....     Rnd*Tele +   (no boots)
Stlth    ++........             (no amulet)
Regen    0.1/turn               p - ring of teleportation (curse)
MPRegen  0.2/turn               (no ring)

@: very slightly contaminated
A: claws 1, demonic guardian 1
a: no special abilities


You were on level 2 of the Dungeon.
You were not hungry.

You visited 1 branch of the dungeon, and saw 2 of its levels.

You collected 149 gold pieces.

Inventory:

Hand Weapons
 f - a +0 club
 k - a +0 spear (weapon)
 m - a +0 short sword
Armour
 a - a +1 robe (worn)
Jewellery
 p - a cursed ring of teleportation (left claw)
Scrolls
 d - a scroll of amnesia
 e - a scroll of teleportation
 h - a scroll of identify
Potions
 l - a potion of brilliance
Books
 b - a book of Frost

   Spells                             Type                      Level
   a - Freeze                         Ice                          1
   b - Throw Frost                    Conjuration/Ice              2
   c - Ozocubu's Armour               Charms/Ice                   3
   d - Throw Icicle                   Conjuration/Ice              4
   e - Summon Ice Beast               Ice/Summoning                4
Comestibles
 c - a bread ration
 o - a royal jelly


   Skills:
 + Level 0.2 Fighting
 + Level 0.1 Polearms
 + Level 1.9 Dodging
 + Level 2.4 Stealth
 + Level 3.2 Spellcasting
 + Level 1.0 Conjurations
 + Level 3.5 Ice Magic


You had 3 spell levels left.
You knew the following spells:

 Your Spells              Type           Power        Failure   Level  Hunger
a - Freeze                Ice            ##..         4%          1    None
b - Throw Frost           Conj/Ice       #.....       11%         2    ##.....
c - Ozocubu's Armour      Chrm/Ice       #.......     26%         3    ###....


Dungeon Overview and Level Annotations

Branches:
Dungeon (2/15)

Altars:
Trog


Innate Abilities, Weirdness & Mutations

You have sharp fingernails.
A weak demonic guardian rushes to your aid.


Message History

Aiming: Freeze
Press: ? - help, Shift-Dir - straight line, f - quokka
Aim: a quokka You miscast Freeze.
You are very lightly contaminated with residual magic.
Nothing appears to happen.
The quokka bites you.
* * * LOW HITPOINT WARNING * * *
You hit the quokka but do no damage. The quokka bites you.
* * * LOW HITPOINT WARNING * * *
Casting: Freeze
Confirm with . or Enter, or press ? or * to list all spells.
Aiming: Freeze
Press: ? - help, Shift-Dir - straight line, f/p - quokka
Aim: a quokka You freeze the quokka.
The quokka is heavily wounded.
The quokka bites you.
* * * LOW HITPOINT WARNING * * *
The quokka bites you.
You die...

#...#................
#..w.#._...............###
....... #.............####
.#..... ##......†.....#...
.......###.................
........#.........S....#...
#....................#.....
........)##r...#..<........
#..l@........).......
#######..#...........
##)#....##.....
#>#...........
#......##.....
##....####.... ...#.# #####
###...# ####


You could see a quokka and a frilled lizard.

Vanquished Creatures
  A gnoll (D:1)
  2 adders (D:2)
  2 oozes (D:1)
  A worm (D:2)
  A dart slug (D:2)
  2 leopard geckos
  A ball python (D:1)
  2 giant cockroaches (D:1)
  2 goblins (D:1)
  9 hobgoblins
  3 jackals (D:1)
  8 kobolds
  A quokka (D:1)
  5 bats
  5 frilled lizards (D:1)
  8 rats
53 creatures vanquished.

Vanquished Creatures (collateral kills)
  A hobgoblin (D:2)
  A kobold (D:2)
2 creatures vanquished.

Grand Total: 55 creatures vanquished

Notes
Turn   | Place    | Note
-------+----------+-------------------------------------------
     0 | D:1      | dvd the Demonspawn Ice Elementalist began the quest for the Orb.
     0 | D:1      | Reached XP level 1. HP: 13/13 MP: 3/3
   171 | D:1      | Gained mutation: You have sharp fingernails. [demonic ancestry]
   171 | D:1      | Reached XP level 2. HP: 4/19 MP: 0/5
   870 | D:1      | Gained mutation: A weak demonic guardian rushes to your aid. [demonic ancestry]
   870 | D:1      | Reached XP level 3. HP: 24/24 MP: 4/7
   928 | D:1      | Learned a level 2 spell: Throw Frost
   932 | D:1      | Learned a level 3 spell: Ozocubu's Armour
  1753 | D:2      | Found a bloodstained altar of Trog.
  1849 | D:1      | Reached XP level 4. HP: 22/30 MP: 3/8
  2068 | D:2      | Slain by a quokka

Vault maps used:
D:1:      dpeg_arrival_pond, minmay_tetromino_o4
D:2:      trog_three_pillars_becter

Skill      XL: |  1  2  3 |
---------------+----------+-----
Ice Magic      | 3 |  3.5
Stealth        | 2 |  2.4
Spellcasting   | 3 |  3.2
Fighting       | |  0.2
Polearms       | |  0.1
Dodging        | |  1.9
Conjurations   | |  1.0

Action                   |  1- 3 |  4- 6 || total
-------------------------+-------+-------++-------
Melee: Unarmed           |     5 |       ||     5
       Spear             |    47 |    19 ||    66
 Cast: Freeze            |    51 |    15 ||    66
       Throw Frost       |     5 |     2 ||     7
  Use: Scroll            |       |     6 ||     6
 Stab: Sleeping          |     2 |     1 ||     3
  Eat: Chunk             |     4 |       ||     4
Armor: Robe              |     9 |     3 ||    12
Dodge: Dodged            |    47 |     9 ||    56
